 Dungeon Crawl Stone Soup version 0.30-a0-782-ge64f9170bb (webtiles) character file.

Game seed: 9742682607283368435

9743 funkygono the Cleaver (level 11, -8/101 HPs)
             Began as a Minotaur Fighter on Mar 15, 2023.
             Was a Believer of Okawaru.
             Mangled by an eight-headed hydra (12 damage)
             ... on level 9 of the Dungeon.
             The game lasted 00:21:13 (9395 turns).

funkygono the Cleaver (Minotaur Fighter)            Turns: 9395, Time: 00:21:14

Health: -8/101     AC: 21    Str: 26    XL:     11   Next: 27%
Magic:  10/10      EV:  9    Int:  5    God:    Okawaru [**....]
Gold:   403        SH:  5    Dex:  9    Spells: 10/10 levels left

rFire   . . .      SeeInvis .    a - +3 war axe (flame)
rCold   . . .      Faith    .    c - +0 buckler
rNeg    + . .      Spirit   .    n - +0 chain mail
rPois   .          Reflect  .    j - +2 hat {Will+}
rElec   .          Harm     .    D - +1 cloak
rCorr   +          Rampage  .    G - +1 pair of gloves
Will    +....                    w - +1 pair of boots Stlth
                                 y - amulet of the acrobat
HPRegen 0.36/turn                t - ring of resist corrosion
MPRegen 0.12/turn                L - ring of positive energy

@: no status effects
A: horns 2, retaliatory headbutt
a: Renounce Religion, Heroism


You were on level 9 of the Dungeon.
You worshipped Okawaru.
Okawaru was pleased with you.
You visited 2 branches of the dungeon, and saw 11 of its levels.

You collected 590 gold pieces.
You spent 187 gold pieces at shops.

Inventory:

Hand Weapons
 a - a +3 war axe of flaming (weapon)
 o - a +2 mace of protection
Missiles
 g - 6 javelins (quivered)
 K - 3 silver boomerangs
 Q - a curare-tipped dart
 R - 14 poisoned darts
Armour
 b - a +0 scale mail
 c - a +0 buckler (worn)
 j - a +2 hat of willpower (worn)
 n - a +0 chain mail (worn)
 s - +0 steam dragon scales
 w - a +1 pair of boots (worn)
 D - a +1 cloak (worn)
 G - a +1 pair of gloves (worn)
 H - a +2 ring mail of fire resistance
 I - a scarf of resistance
Magical Staves
 k - a staff of earth
Jewellery
 t - a ring of resist corrosion (left hand)
 y - an amulet of the acrobat (around neck)
 L - a ring of positive energy (right hand)
Wands
 q - a wand of flame (4)
 u - a wand of iceblast (24)
 x - a wand of acid (5)
 B - a wand of polymorph (9)
 C - a wand of mindburst (13)
Scrolls
 h - 2 scrolls of brand weapon
 l - 7 scrolls of teleportation
 p - 3 scrolls of fear
 r - 2 scrolls of magic mapping
 A - a scroll of amnesia
 N - 3 scrolls of enchant armour
Potions
 d - a potion of might
 e - 2 potions of haste {unknown}
 f - 2 potions of brilliance
 i - 7 potions of curing
 m - a potion of lignification
 v - 2 potions of invisibility {unknown}
 z - a potion of berserk rage {unknown}
 E - 3 potions of mutation
 F - 2 potions of ambrosia
 J - a potion of degeneration {unknown}
 M - 2 potions of heal wounds
Miscellaneous
 P - a phantom mirror
 S - a piece from Xom's chessboard (15/15)


   Skills:
 + Level 10.3 Fighting
 + Level 13.9 Axes
 + Level 10.7 Armour
 + Level 4.5 Dodging
 + Level 1.1 Stealth
 + Level 6.7 Shields
 + Level 0.2 Unarmed Combat


You had 10 spell levels left.
You didn't know any spells.
Your spell library contained the following spells:

 Spells                   Type           Power      Damage    Failure   Level
 Apportation              Tloc           0%         N/A       97%         1
 Freeze                   Ice            0%         1d3       97%         1
 Magic Dart               Conj           0%         1d3       97%         1
 Necrotise                Necr           0%         1d4       97%         1
 Shock                    Conj/Air       0%         1d3       97%         1
 Lesser Beckoning         Tloc           0%         N/A       99%         2
 Searing Ray              Conj           0%         2d4       99%         2
 Frozen Ramparts          Ice            0%         1d1       100%        3
 Gell's Gravitas          Tloc           0%         N/A       100%        3
 Hailstorm                Conj/Ice       0%         3d3       100%        3
 Swiftness                Air            0%         N/A       100%        3
 Teleport Other           Tloc           0%         N/A       100%        3
 Airstrike                Air            0%         2d(0-16)  100%        4
 Fulminant Prism          Conj/Hex       0%         3d5       100%        4
 Alistair's Intoxication  Tmut/Pois      0%         N/A       100%        5
 Borgnjor's Vile Clutch   Necr/Erth      0%         N/A       100%        5
 Eringya's Noxious Bog    Tmut/Pois      0%         N/A       100%        6
 Summon Small Mammal      Summ           Unusable   N/A       N/A         1

Dungeon Overview and Level Annotations

Branches:
Dungeon (10/15)            Temple (1/1) D:6
   Lair: D:8-11         Orc: D:9-12

Altars:
Ashenzari
Cheibriados
Dithmenos
Elyvilon
Fedhas
Gozag
Hepliaklqana
Kikubaaqudgha
Makhleb
Nemelex Xobeh
Okawaru
Qazlal
Ru
Sif Muna
Trog
Uskayaw
Vehumet
Wu Jian
Xom
Zin
The Shining One

Shops:
D:4 (   D:6 [*   D:8 *(*


Innate Abilities, Weirdness & Mutations

You have a pair of horns on your head.
You reflexively headbutt those who attack you in melee.


Message History

You slash the troll! You burn the troll.
The troll is moderately wounded.
The troll bites you.
* * * LOW HITPOINT WARNING * * *
The troll barely misses you. The troll misses you.
You hit the troll. You burn the troll.
The troll is heavily wounded.
You barely miss the eight-headed hydra. You headbutt the eight-headed hydra.
The eight-headed hydra is lightly wounded.
You hit the eight-headed hydra. You burn the eight-headed hydra.
The eight-headed hydra is lightly wounded.
The eight-headed hydra bites you but does no damage. x2
The eight-headed hydra bites you!
* * * LOW HITPOINT WARNING * * *
The eight-headed hydra barely misses you.
The eight-headed hydra bites you but does no damage.
The eight-headed hydra bites you.
* * * LOW HITPOINT WARNING * * *
The eight-headed hydra bites you but does no damage.
The eight-headed hydra bites you!
* * * LOW HITPOINT WARNING * * *
You feel much better.
The eight-headed hydra bites you but does no damage. x2
The eight-headed hydra bites you.
* * * LOW HITPOINT WARNING * * *
The eight-headed hydra bites you.
* * * LOW HITPOINT WARNING * * *
The eight-headed hydra bites you but does no damage.
The eight-headed hydra bites you.
* * * LOW HITPOINT WARNING * * *
The eight-headed hydra bites you but does no damage.
The eight-headed hydra bites you!
* * * LOW HITPOINT WARNING * * *
The eight-headed hydra attacks as you move away!
The eight-headed hydra bites you.
* * * LOW HITPOINT WARNING * * *
The eight-headed hydra bites you.
* * * LOW HITPOINT WARNING * * *
The eight-headed hydra bites you!
You die...

#.##.## #.##.#
#.##.# #.##.#
#.##.# #.##.#
#.##.## #.##.#
#.#...##
#.##.#
#..###.##
#.##.# ##.##
##.## #.##.#
##### #.##
##<####†##.#
#...#### #.#
#...@DT##.#
#....... #.##
##.####....#
#...#### ##.##
##.##
#.##.#####.###
##.###.##
#.##....<....#
##...##
#.#..#####.#.#
##.## #.#.##
#.#.## #.#
#.#.# #....##
#.# #.#.#
##.....# #.#
#.#.# #.....<.


You could see an eight-headed hydra and a troll shaped shifter.

Vanquished Creatures
  A centaur warrior (D:9)
  A two-headed ogre (D:9)
  A manticore (D:9)
  Maurice (D:8)
  Maggie (D:6)
  A kobold demonologist (D:9)
  2 trolls (D:9)
  Prince Ribbit (D:6)
  A yak (D:9)
  A vampire (D:6)
  A wyvern (D:9)
  A basilisk (D:9)
  Eustachio (D:5)
  Grum (D:8)
  2 steam dragons
  Menkaure (D:7)
  An acid dragon (D:9)
  A water moccasin (D:7)
  Duvessa (D:5)
  4 sky beasts
  An ice beast (D:6)
  4 orc warriors
  3 black bears
  2 wolves (D:8)
  2 ogres
  2 centaurs
  A phantom (D:4)
  2 kobold brigands (D:9)
  3 bullfrogs
  5 scorpions
  A gnoll sergeant (D:8)
  7 wights
  Dowan (D:5)
  16 killer bees
  2 electric eels (D:6)
  5 howler monkeys
  6 hounds
  3 jellies (D:6)
  A gnoll bouda (D:7)
  13 orc priests
  Natasha (thrice) (D:4)
  Terence (D:2)
  4 iguanas
  Ijyb (D:4)
  8 orc wizards
  22 gnolls
  4 adders
  A white imp (D:6)
  3 worms
  2 dart slugs
  29 orcs
  5 ball pythons
  6 endoplasms
  3 giant cockroaches
  9 goblins
  4 hobgoblins
  14 kobolds
  3 quokkas
  7 bats
  A frilled lizard (D:1)
  2 rats
237 creatures vanquished.

Vanquished Creatures (others)
  4 plants (D:10)
4 creatures vanquished.

Grand Total: 241 creatures vanquished

Notes
Turn   | Place    | Note
-------+----------+-------------------------------------------
     0 | D:1      | funkygono the Minotaur Fighter began the quest for the Orb.
     0 | D:1      | Reached XP level 1. HP: 19/19 MP: 0/0
   244 | D:1      | Reached XP level 2. HP: 27/27 MP: 1/1
   675 | D:1      | Found a faded altar of an unknown god.
   804 | D:2      | Noticed Terence
   816 | D:2      | Killed Terence
   817 | D:2      | Reached skill level 3 in Axes
   817 | D:2      | Reached XP level 3. HP: 4/33 MP: 2/2
  1307 | D:3      | Reached XP level 4. HP: 40/40 MP: 3/3
  1384 | D:3      | Reached skill level 4 in Axes
  1469 | D:3      | Found a shadowy altar of Dithmenos.
  1515 | D:3      | Reached skill level 1 in Dodging
  2172 | D:4      | Found Eweresith's Weapon Shoppe.
  2173 | D:4      | Noticed an ogre
  2179 | D:4      | Killed an ogre
  2180 | D:4      | Reached XP level 5. HP: 37/47 MP: 4/4
  2227 | D:4      | Reached skill level 5 in Axes
  2341 | D:4      | Found a burning altar of Makhleb.
  2421 | D:4      | Noticed a phantom
  2431 | D:4      | Killed a phantom
  2432 | D:4      | Reached XP level 6. HP: 45/53 MP: 5/5
  2593 | D:4      | Reached skill level 6 in Axes
  2760 | D:4      | Noticed Ijyb
  2779 | D:4      | Killed Ijyb
  2780 | D:4      | Reached skill level 5 in Armour
  3005 | D:4      | Noticed Natasha
  3010 | D:4      | Killed Natasha
  3011 | D:4      | Reached skill level 5 in Fighting
  3321 | D:4      | Noticed Natasha
  3327 | D:4      | Killed Natasha
  3328 | D:4      | Reached XP level 7. HP: 57/61 MP: 6/6
  3562 | D:4      | Noticed Natasha
  3574 | D:4      | Killed Natasha
  3669 | D:5      | Entered Level 5 of the Dungeon
  3790 | D:5      | Reached skill level 7 in Axes
  3844 | D:5      | Noticed Eustachio
  3869 | D:5      | Killed Eustachio
  3958 | D:5      | Reached skill level 5 in Shields
  3958 | D:5      | Reached XP level 8. HP: 61/70 MP: 7/7
  4044 | D:5      | Noticed Duvessa
  4044 | D:5      | Noticed Dowan
  4052 | D:5      | Killed Duvessa
  4053 | D:5      | Reached skill level 8 in Axes
  4058 | D:5      | Killed Dowan
  4296 | D:5      | Reached skill level 9 in Axes
  4650 | D:6      | Found a glowing golden altar of the Shining One.
  4654 | D:6      | Noticed Maggie
  4670 | D:6      | Killed Maggie
  4671 | D:6      | Reached skill level 10 in Axes
  4676 | D:6      | Found Fadu's Antique Armour Boutique.
  4858 | D:6      | Found Puromacu's Armour Boutique.
  4865 | D:6      | Reached XP level 9. HP: 58/78 MP: 8/8
  4958 | D:6      | Found an ornate altar of the Wu Jian Council.
  5012 | D:6      | Noticed Prince Ribbit
  5024 | D:6      | Killed Prince Ribbit
  5132 | D:6      | Found Wiclie's General Store.
  5266 | D:6      | Found a staircase to the Ecumenical Temple.
  5275 | Temple   | Entered the Ecumenical Temple
  5531 | D:7      | Found a hazy altar of Hepliaklqana.
  5532 | D:7      | Noticed Menkaure
  5537 | D:7      | Killed Menkaure
  5624 | D:7      | Reached skill level 11 in Axes
  5824 | D:7      | HP: 2/79 [something (3)]
  5842 | D:6      | HP: 2/79 [vampire (7)]
  6473 | D:7      | Found a shimmering altar of Xom.
  6829 | D:7      | Found a bloodstained altar of Trog.
  6868 | D:7      | Reached XP level 10. HP: 83/89 MP: 9/9
  7131 | D:8      | Reached skill level 1 in Stealth
  7282 | D:8      | Reached skill level 12 in Axes
  7323 | D:8      | Noticed Maurice
  7338 | D:8      | Killed Maurice
  7432 | D:8      | Noticed Grum
  7441 | D:8      | Killed Grum
  7442 | D:8      | Reached skill level 10 in Armour
  7556 | D:8      | Found Owkeem's Antique Weapon Shop.
  7611 | D:8      | Found an iron altar of Okawaru.
  7620 | D:8      | Became a worshipper of Warmaster Okawaru
  7721 | D:8      | Found Taupp's General Store.
  7725 | D:8      | Bought a potion of heal wounds for 75 gold pieces
  7725 | D:8      | Bought a scroll of enchant armour for 112 gold pieces
  7775 | D:8      | Found a shimmering blue altar of Sif Muna.
  7775 | D:8      | Found an ancient bone altar of Kikubaaqudgha.
  7830 | D:8      | Found Vouf's General Store.
  8227 | D:9      | Reached skill level 13 in Axes
  8493 | D:9      | Noticed a manticore
  8495 | D:9      | Noticed a centaur warrior
  8503 | D:9      | Reached * piety under Okawaru
  8572 | D:9      | Reached XP level 11. HP: 88/99 MP: 10/10
  8626 | D:9      | Killed a centaur warrior
  8626 | D:9      | Reached ** piety under Okawaru
  8627 | D:9      | Reached skill level 10 in Fighting
  8874 | D:9      | Found a sacrificial altar of Ru.
  8885 | D:9      | Found a broken altar of Ashenzari.
  8942 | D:9      | Noticed a two-headed ogre
  8948 | D:9      | Killed a two-headed ogre
  9032 | D:9      | Found a blossoming altar of Fedhas.
  9355 | D:10     | Entered Level 10 of the Dungeon
  9357 | D:10     | Noticed an eight-headed hydra
  9395 | D:9      | HP: 5/101 [eight-headed hydra (4)]
  9395 | D:9      | Mangled by an eight-headed hydra

Illustrated notes

Levels and vault maps discovered:
D:1:      dpeg_arrival_shelter, layout_basic,
          shapermc_ecumenical_altar_starsandcircs
D:2:      layout_rooms, uniq_terence
D:3:      layout_basic, nicolae_dithmenos_the_darkroom, minmay_ruptured
D:4:      layout_gridville, kennysheep_mini_moat, serial_shops,
          nicolae_shop_bloodbath_and_beyond, uniq_natasha, uniq_ijyb
D:5:      layout_rooms, uniq_eustachio, uniq_duvessa
D:6:      layout_cave_pools, mainiacjoe_overflow_alcove_1, lemuel_crystal_altar,
          temple_statues, serial_shops, nicolae_inconvenience_store,
          nicolae_wooded_promenade, lemuel_flame_loot_1, uniq_maggie,
          uniq_prince_ribbit1
D:7:      layout_loops_ring, trog_butcher_becter, mainiacjoe_overflow_brackets,
          nzn_hepliaklqana_mist_gate, uniq_menkaure
D:8:      layout_cave_pools, okawaru_gym_becter,
          gammafunk_temple_overflow_elements, serial_gnoll_camp,
          gnoll_camp_mini_shop, gnoll_camp_mini_loothouse, gnoll_camp_mini_shop,
          gnoll_camp_mini_shop, gnoll_camp_mini_hut, uniq_grum, uniq_maurice
D:9:      layout_loops_ring, nicolae_ru_path_of_blood,
          mainiacjoe_overflow_alcove_4, ashenzari_altar_1, minmay_diamond_spiral
D:10:     layout_roguey, mainiacjoe_overflow_24_doors, serial_curves,
          eino_curves_01, eino_curves_01, eino_curves_02, glass_columns_a,
          serial_bayou_pond_a, minmay_bent, uniq_harold, uniq_erolcha
Temple:   hellmonk_temple_rainy

Skill      XL: |  1  2  3  4  5  6  7  8  9 10 11 |
---------------+----------------------------------+-----
Shields        | 4 5 6 |  6.7
Fighting       | 4 5 6 8 9 10 | 10.3
Axes           | 3 4 5 6 7 10 11 13 | 13.9
Armour         | 4 5 6 7 9 10 | 10.7
Dodging        | 1 2 3 4 |  4.5
Stealth        | 1 |  1.1
Unarmed Combat | |  0.2

Action                     |  1- 3 |  4- 6 |  7- 9 | 10-12 || total
---------------------------+-------+-------+-------+-------++-------
  Melee: War axe           |    75 |   108 |   221 |   205 ||   609
         Headbutt          |     9 |    16 |    36 |    28 ||    89
         Unarmed           |       |       |     5 |       ||     5
 Invoke: Heroism           |       |       |       |     1 ||     1
    Use: Scroll            |       |       |    16 |     7 ||    23
         Potion            |       |       |     3 |     1 ||     4
 Armour: Scale mail        |    25 |       |       |       ||    25
         Chain mail        |    28 |    56 |   149 |   136 ||   369
  Dodge: Dodged            |    39 |    49 |   134 |   164 ||   386
  Block: Buckler           |    20 |    26 |    51 |    52 ||   149

Table legend: (Time is in decaauts)
 A = Elapsed time spent in this place.
 B = Non-inter-level travel time spent in this place.
 C = Inter-level travel time spent in this place.
 D = Time resting spent in this place.
 E = Time spent auto-exploring this place.
 F = Levels seen in this place.
 G = Mean time per level.
                   A        B        C        D        E       F      G
               +--------+--------+--------+--------+--------+-----+--------+
         Total |   9450 |   9162 |    288 |    562 |   6484 |  11 |  859.1 |
       Dungeon |   9405 |   9118 |    287 |    562 |   6484 |  10 |  940.5 |
        Temple |     45 |     45 |      0 |      0 |      0 |   1 |   45.0 |
               +--------+--------+--------+--------+--------+-----+--------+

Top non-repeatable levels by time:
     D:4: 1532 daAuts
     D:6: 1282 daAuts
     D:7: 1242 daAuts
     D:9: 1217 daAuts
     D:8: 1049 daAuts
     D:1: 905 daAuts
     D:3: 873 daAuts
     D:5: 872 daAuts
     D:2: 419 daAuts
  Temple: 45 daAuts
    D:10: 10 daAuts
